 Dungeon Crawl Stone Soup version 0.26-a0-612-gd4d190f45e (webtiles) character file.

Game seed: 3480854418618338334

69 Peloso the Skirmisher (level 4, -2/35 HPs)
             Began as a Demonspawn Fighter on Sept 10, 2020.
             Slain by an iguana (7 damage)
             ... on level 2 of the Dungeon.
             The game lasted 00:01:42 (1050 turns).

Peloso the Skirmisher (Demonspawn Fighter)          Turns: 1050, Time: 00:01:43

Health: -2/35      AC:  8    Str: 17    XL:     4   Next: 2%
Magic:  4/4        EV:  7    Int:  9    God:
Gold:   111        SH:  9    Dex: 13    Spells: 3/3 levels left

rFire    . . .     SeeInvis .   a - +0 long sword
rCold    . . .     Faith    .   c - +0 kite shield
rNeg     . . .     Spirit   .   b - +0 scale mail
rPois    .         Reflect  .   (no helmet)
rElec    .         Harm     .   (no cloak)
rCorr    .                      (no gloves)
MR       .....                  (no boots)
Stlth    ..........             (no amulet)
HPRegen  0.11/turn              (no ring)
MPRegen  0.09/turn              (no ring)

@: no status effects
A: hooves 1, thin metallic scales 1
a: no special abilities


You were on level 2 of the Dungeon.
You visited 1 branch of the dungeon, and saw 2 of its levels.

You collected 111 gold pieces.

Inventory:

Hand Weapons
 a - a +0 long sword (weapon)
Armour
 b - a +0 scale mail (worn)
 c - a +0 kite shield (worn)
Scrolls
 e - 2 scrolls of identify {unknown}
 f - a scroll of enchant armour {unknown}
 g - a scroll of fog {unknown}
Potions
 d - a potion of might
 h - a potion of curing {unknown}
 i - 2 potions of stabbing {unknown}


   Skills:
 + Level 3.4 Fighting
 + Level 2.5 Long Blades
 + Level 3.2 Armour
 + Level 0.1 Dodging
 + Level 3.1 Shields


You had 3 spell levels left.
You didn't know any spells.
Your spell library was empty.

Dungeon Overview and Level Annotations

Branches:
Dungeon (2/15)

Altars:


Innate Abilities, Weirdness & Mutations

You have large cloven feet.
You are partially covered in thin metallic scales. (AC +2)


Message History

The gnoll barely misses you. You block the kobold's attack.
You hit the gnoll but do no damage. You kick the gnoll, but do no damage.
The gnoll is severely wounded.
You block the gnoll's attack. The kobold hits you but does no damage.
You block the gnoll's attack. The kobold hits you but does no damage.
You slash the gnoll!
You kill the gnoll!
You have reached level 4!
You feel agile.
Your demonic ancestry asserts itself...
Thin metallic scales grow over part of your body.
You block the kobold's attack. The iguana bites you.
You hit the iguana. You kick the iguana, but do no damage.
The iguana is moderately wounded.
The kobold hits you but does no damage. You block the iguana's attack.
You hit the iguana. You kick the iguana, but do no damage.
The iguana is heavily wounded.
You block the kobold's attack. The iguana bites you!
* * * LOW HITPOINT WARNING * * *
The kobold hits you but does no damage. The iguana bites you!
You die...

..... #.... .g.. g..##
..l# ..## #
##############..##.####
........(K@l...........
###############.##.#.#
#......?.#
#.###.#########
#.......... #..#######.
#..## #...# #.#.##


You could see an iguana and a kobold.

Vanquished Creatures
  2 gnolls (D:2)
  2 adders (D:2)
  An ooze (D:1)
  A worm (D:2)
  2 bats (D:1)
  A giant cockroach (D:1)
  4 hobgoblins (D:1)
  3 frilled lizards
  3 goblins (D:1)
  6 kobolds (D:1)
25 creatures vanquished.

Notes
Turn   | Place    | Note
-------+----------+-------------------------------------------
     0 | D:1      | Peloso the Demonspawn Fighter began the quest for the Orb.
     0 | D:1      | Reached XP level 1. HP: 18/18 MP: 1/1
   119 | D:1      | Gained mutation: You have large cloven feet. [demonic
                  | ancestry]
   119 | D:1      | Reached XP level 2. HP: 24/24 MP: 2/2
   773 | D:2      | Reached XP level 3. HP: 18/29 MP: 3/3
  1048 | D:2      | Gained mutation: You are partially covered in thin metallic
                  | scales. (AC +2) [demonic ancestry]
  1048 | D:2      | Reached XP level 4. HP: 19/35 MP: 4/4
  1050 | D:2      | Slain by an iguana

Illustrated notes

Levels and vault maps discovered:
D:1:      dpeg_chamrin_arrival_tetris, layout_basic
D:2:      layout_basic, uniq_jessica

Skill      XL: |  1  2  3 |
---------------+----------+-----
Long Blades    | 2 |  2.5
Armour         | 3 |  3.2
Shields        | 3 |  3.1
Fighting       | |  3.4
Dodging        | |  0.1

Action                   |  1- 3 |  4- 6 || total
-------------------------+-------+-------++-------
Melee: Long sword        |    78 |     2 ||    80
       Kick              |    18 |     2 ||    20
Armor: Scale mail        |    39 |     2 ||    41
Dodge: Dodged            |    31 |       ||    31
Block: Kite shield       |    51 |     3 ||    54
       Rpst.: Long sword |     5 |       ||     5

Table legend: (Time is in decaauts)
 A = Elapsed time spent in this place.
 B = Non-inter-level travel time spent in this place.
 C = Inter-level travel time spent in this place.
 D = Time resting spent in this place.
 E = Time spent auto-exploring this place.
 F = Levels seen in this place.
 G = Mean time per level.
                   A        B        C        D        E       F      G
               +--------+--------+--------+--------+--------+-----+--------+
         Total |   1079 |   1079 |      0 |      0 |    856 |   2 |  539.5 |
       Dungeon |   1079 |   1079 |      0 |      0 |    856 |   2 |  539.5 |
               +--------+--------+--------+--------+--------+-----+--------+

Top non-repeatable levels by time:
     D:1: 773 daAuts
     D:2: 305 daAuts
